 Dungeon Crawl Stone Soup version 0.28.0-47-ge53b351184 (webtiles) character file.

Game seed: 7615126189686436594

52 AuftragZ the Chiller (level 3, -1/22 (26) HPs)
             Began as a Draconian Ice Elementalist on Apr 27, 2022.
             Slain by a wight
             ... wielding a +0 battleaxe
              (9 damage)
             ... on level 3 of the Dungeon.
             The game lasted 00:08:27 (2274 turns).

AuftragZ the Chiller (Draconian Ice Elementalist)   Turns: 2274, Time: 00:08:28

HP:   -1/22 (26)    AC:  6    Str: 10    XL:     3   Next: 60%
MP:   3/7           EV: 12    Int: 17    God:
Gold: 85            SH:  0    Dex: 11    Spells: 3/7 levels left

rFire   . . .      SeeInvis .   c - +2 dagger (holy)
rCold   . . .      Faith    .   (no shield)
rNeg    . . .      Spirit   .   (armour unavailable)
rPois   .          Reflect  .   (helmet restricted)
rElec   .          Harm     .   (no cloak)
rCorr   .          Rampage  .   (no gloves)
Will    .....                   j - +0 pair of boots
Stlth   ++........              (no amulet)
HPRegen 0.07/turn               (no ring)
MPRegen 0.10/turn               (no ring)

@: heavily drained
A: AC +5, unfitting armour, cold-blooded
a: no special abilities


You were on level 3 of the Dungeon.
You visited 1 branch of the dungeon, and saw 3 of its levels.

You collected 85 gold pieces.

Inventory:

Hand Weapons
 c - a +2 dagger of holy wrath (weapon)
Missiles
 e - a poisoned dart (quivered)
Armour
 j - a +0 pair of boots (worn)
Scrolls
 a - 2 scrolls of teleportation {unknown}
 d - 3 scrolls of magic mapping
Potions
 b - a potion of might {unknown}
 f - 3 potions of haste {unknown}
 g - a potion of degeneration {unknown}
 h - a potion of cancellation {unknown}
 i - a potion of magic {unknown}


   Skills:
 + Level 0.1 Throwing
 + Level 1.8 Dodging
 - Level 2.2 Stealth
 * Level 2.7 Spellcasting
 * Level 4.7 Ice Magic


You had 3 spell levels left.
You knew the following spells:

 Your Spells              Type           Power      Damage    Failure   Level
a - Freeze                Ice            72%        1d9       2%          1
b - Frozen Ramparts       Ice            36%        1d5       8%          3

Your spell library contained the following spells:

 Spells                   Type           Power      Damage    Failure   Level
 Ozocubu's Armour         Ice            18%        N/A       8%          3
 Summon Small Mammal      Summ           8%         N/A       19%         1
 Call Canine Familiar     Summ           2%         N/A       47%         3
 Summon Guardian Golem    Hex/Summ       2%         N/A       47%         3
 Hailstorm                Conj/Ice       10%        3d5       56%         4


Dungeon Overview and Level Annotations

Branches:
Dungeon (3/15)

Altars:


Innate Abilities, Weirdness & Mutations

Your plain brown scales are hard. (AC +5)
You cannot fit into any form of body armour.
You are cold-blooded and may be slowed by cold attacks.


Message History

Throw: 2 darts (poison)
Press: ? - help, Q - select action, (/) - cycle Shift-Dir - straight line, f - wight
Aim: a wight, wielding a +1 hand axe and wearing a +0 robe (54% to hit)
You throw a poisoned dart.
The poisoned dart barely misses the wight.
The wight completely resists.
The wall freezes the wight but does no damage.
The wight completely resists.
The wall freezes the wight but does no damage.
The wight completely resists.
The wall freezes the wight but does no damage.
The wight completely resists.
The wall freezes the wight but does no damage.
The wight completely resists.
The wall freezes the wight but does no damage.
The wight completely resists.
The wall freezes the wight but does no damage.
Casting: Frozen Ramparts (quite dangerous; 8% risk of failure)
Confirm with . or Enter, or press ? or * to list all spells.
Aiming: Freeze (safe; 2% risk of failure)
Press: ? - help, Shift-Dir - straight line, f/p - wight
Aim: a wight, wielding a +1 hand axe and wearing a +0 robe You freeze the wight.
The wight resists.
The wight is lightly damaged.
The wight completely resists.
The wall freezes the wight but does no damage.
The wight hits you with a +1 hand axe.
You feel drained.
The wight completely resists.
The wall freezes the wight but does no damage.
The wight hits you with a +0 battleaxe.
You feel drained.
The wight resists.
The wall freezes the wight.
You hit the wight but do no damage.
The wight is lightly damaged.
The frozen ramparts melt away.
The wight hits you with a +1 hand axe.
You feel drained. The wight hits you but does no damage.
You hit the wight.
The wight convulses.
The wight is moderately damaged.
The wight hits you with a +1 hand axe.
You feel drained. The wight hits you with a +0 battleaxe!
You die...

#.##.#
#....#......
#.###.##.#
####.#.####.
#........#
#.#..
#####.#..#
..#### #....#
###
#########.##
#.........#
#.##########.#
#.# #...@z..#
#.#
#.###z#.....
#.####.# z#
##. #......#
.# ######## (#
.# .. ##


You could see 3 wights.

Vanquished Creatures
  A worm (D:2)
  A dart slug (D:1)
  4 ball pythons
  6 endoplasms
  A giant cockroach (D:2)
  7 hobgoblins
  2 kobolds
  3 quokkas
  4 bats
  4 frilled lizards
  5 goblins
  4 rats
42 creatures vanquished.

Notes
Turn   | Place    | Note
-------+----------+-------------------------------------------
     0 | D:1      | AuftragZ the Draconian Ice Elementalist began the quest for
                  | the Orb.
     0 | D:1      | Reached XP level 1. HP: 14/14 MP: 3/3
   288 | D:1      | Reached XP level 2. HP: 20/20 MP: 0/5
   906 | D:2      | Reached XP level 3. HP: 26/26 MP: 4/6
   929 | D:2      | Learned a level 3 spell: Frozen Ramparts
  2274 | D:3      | Slain by a wight

Illustrated notes

Levels and vault maps discovered:
D:1:      eino_arrival_cavern_d, layout_basic
D:2:      layout_loops_corners, minmay_crystal_room, minmay_stone_trees_medium
D:3:      layout_basic, mainiacjoe_overflow_alcove_1,
          nicolae_ecumenical_snake_handling

Skill      XL: |  1  2 |
---------------+-------+-----
Stealth        | 2 |  2.2
Throwing       | |  0.1
Dodging        | |  1.8
Spellcasting   | |  2.7
Ice Magic      | |  4.7

Action                   || total
-------------------------++-------
Melee: Dagger            ||     3
Throw: Dart              ||    48
 Cast: Freeze            ||    50
       Frozen Ramparts   ||     2
  Use: Scroll            ||     1
Armor: Skin              ||    12
Dodge: Dodged            ||    23
